 Dungeon Crawl Stone Soup version 0.26-a0-541-g3b3d21e777 (webtiles) character file.

Game seed: 13765768053635291617

687412 rtg the Gargoyle Barricade (level 27, -6/196 HPs)
             Began as a Gargoyle Fighter on Aug 16, 2020.
             Was the Champion of Okawaru.
             Killed from afar by an orb of fire (20 damage)
             ... with a bolt of fire
             ... on level 5 of the Realm of Zot.
             The game lasted 03:39:38 (75643 turns).

rtg the Gargoyle Barricade (Gargoyle Fighter)      Turns: 75643, Time: 03:39:38

Health: -6/196     AC: 72    Str: 42    XL:     27
Magic:  0/34       EV: 20    Int: 17    God:    Okawaru [******]
Gold:   10073      SH: 32    Dex: 14    Spells: 26/26 levels left

rFire    . . .     SeeInvis .   y - +0 demon whip of Extermination {vamp, Str+8}
rCold    . . .     Faith    .   k - +2 tower shield {reflect}
rNeg     + + .     Spirit   +   a - +7 crystal plate armour
rPois    ∞         Reflect  +   e - +2 helmet "Cururu Cumas" {+Inv rN+}
rElec    +         Harm     .   p - +2 cloak {MR+}
rCorr    +                      Q - +2 pair of gloves of Gestures {Dex+5}
MR       ++++.                  S - +0 pair of boots "Jophial" {rCorr MP+9 Str-4 Int+5}
Stlth    ..........             A - amulet of guardian spirit
HPRegen  0.42/turn              H - ring of Xiypse {Wiz *Corrode rElec MR+ Str+4}
MPRegen  0.24/turn              G - +6 ring of strength

@: mighty, heroism, flying
A: big wings, blurry vision 1, deterioration 1, low mp 2, negative energy
resistance 1, screaming 1, electricity resistance, weak 1, unbreathing,
petrification resistance, rot immunity, AC +20
}: 3/15 runes: decaying, serpentine, silver
a: Stop Flying, Heroism, Finesse, Renounce Religion, Evoke Invisibility


You were on level 5 of the Realm of Zot.
You worshipped Okawaru.
Okawaru was exalted by your worship.
You visited 11 branches of the dungeon, and saw 51 of its levels.
You also visited: Sewer and Ice Cave.

You collected 10358 gold pieces.
You spent 285 gold pieces at shops.

Inventory:

Hand Weapons
 y - the +0 demon whip of Extermination (weapon) {vamp, Str+8}
   (You acquired it on level 7 of the Dungeon)

   It inflicts no extra harm, but heals its wielder when it wounds a living foe.
   It affects your strength (+8).
Armour
 a - a +7 crystal plate armour (worn)
 e - the +2 helmet "Cururu Cumas" (worn) {+Inv rN+}
   (You found it on level 5 of the Vaults)

   It protects you from negative energy.
   It lets you turn invisible.
 k - a +2 tower shield of reflection (worn)
 p - a +2 cloak of magic resistance (worn)
 F - a scarf of invisibility
 Q - the +2 pair of gloves of Gestures (worn) {Dex+5}
   (Okawaru gifted it to you on level 6 of the Lair of Beasts)

   It affects your dexterity (+5).
 S - the +0 pair of boots "Jophial" (worn) {rCorr MP+9 Str-4 Int+5}
   (Okawaru gifted it to you on level 1 of the Snake Pit)

   It affects your strength (-4).
   It affects your intelligence (+5).
   It affects your magic capacity (+9).
   It provides partial protection from all sources of acid and corrosion.
Jewellery
 z - an uncursed ring of protection from fire
 A - an amulet of guardian spirit (around neck)
 G - a +6 ring of strength (right hand)
 H - the ring of Xiypse (left hand) {Wiz *Corrode rElec MR+ Str+4}
   (You found it in an ice cave)

   [ring of wizardry]

   It improves your spell success rate.
   It affects your strength (+4).
   It insulates you from electricity.
   It affects your resistance to hostile enchantments.
   It may corrode you when you take damage.
 R - an uncursed ring of protection from fire
Wands
 d - a wand of acid (27)
 f - a wand of random effects (26)
 q - a wand of iceblast (25)
 w - a wand of polymorph (23)
 I - a wand of digging (15)
 L - a wand of flame (18)
 X - a wand of enslavement (10)
 Y - a wand of paralysis (16)
Scrolls
 b - 23 scrolls of identify
 g - 9 scrolls of fear
 h - 19 scrolls of immolation
 j - 19 scrolls of teleportation
 l - 4 scrolls of silence
 m - 6 scrolls of fog
 n - 32 scrolls of remove curse
 s - a scroll of magic mapping
 u - 5 scrolls of enchant weapon
 x - 7 scrolls of blinking
 D - a scroll of brand weapon
 N - 4 scrolls of summoning
 P - 4 scrolls of amnesia
 U - a scroll of holy word
Potions
 c - 5 potions of invisibility
 i - 6 potions of berserk rage
 o - 7 potions of flight
 r - 4 potions of haste
 t - 11 potions of stabbing
 v - 15 potions of curing
 B - 8 potions of mutation
 E - 3 potions of cancellation
 J - a potion of resistance
 K - 7 potions of might
 M - 10 potions of lignification
 O - 5 potions of brilliance


   Skills:
 * Level 26.0(27) Fighting
 * Level 22.7(27) Maces & Flails
   Level 0.1(5.1) Bows
 * Level 19.7(24.7) Armour
 * Level 14.1(19.1) Dodging
 O Level 27 Shields
 - Level 11.0 Invocations
 + Level 0.6 Evocations


You had 26 spell levels left.
You didn't know any spells.
Your spell library contained the following spells:

 Spells                   Type           Power        Failure   Level
 Animate Skeleton         Necr           #.....       34%         1
 Apportation              Tloc           #.....       34%         1
 Beastly Appendage        Tmut           #.....       34%         1
 Corona                   Hex            #......      34%         1
 Foxfire                  Conj/Fire      #...         34%         1
 Magic Dart               Conj           #...         34%         1
 Pain                     Necr           #...         34%         1
 Sandblast                Erth           #.....       34%         1
 Shock                    Conj/Air       #...         34%         1
 Sting                    Tmut/Pois      #...         34%         1
 Summon Small Mammal      Summ           #...         34%         1
 Blink                    Tloc           N/A          45%         2
 Call Imp                 Summ           #.......     45%         2
 Ensorcelled Hibernation  Hex/Ice        #.....       45%         2
 Passwall                 Tmut/Erth      #.......     45%         2
 Poisonous Vapours        Pois/Air       #.....       45%         2
 Searing Ray              Conj           #.....       45%         2
 Slow                     Hex            #.......     45%         2
 Swiftness                Air            #.......     45%         2
 Wereblood                Tmut           #.......     45%         2
 Call Canine Familiar     Summ           #.......     69%         3
 Confusing Touch          Hex            #.......     69%         3
 Conjure Flame            Conj/Fire      #.......     69%         3
 Dazzling Flash           Conj/Hex       #.....       69%         3
 Gell's Gravitas          Tloc           #.........   69%         3
 Ignite Poison            Fire/Tmut/Pois #.......     69%         3
 Inner Flame              Hex/Fire       #.......     69%         3
 Lesser Beckoning         Tloc           #.........   69%         3
 Mephitic Cloud           Conj/Pois/Air  #.......     69%         3
 Spider Form              Tmut/Pois      #.........   69%         3
 Static Discharge         Conj/Air       #.......     69%         3
 Stone Arrow              Conj/Erth      #.....       69%         3
 Summon Guardian Golem    Hex/Summ       #.......     69%         3
 Teleport Other           Tloc           #.......     69%         3
 Tukima's Dance           Hex            #.......     69%         3
 Vampiric Draining        Necr           #.........   69%         3
 Airstrike                Air            #.........   97%         4
 Animate Dead             Necr           #.........   97%         4
 Cause Fear               Hex            #.........   97%         4
 Hailstorm                Conj/Ice       #.......     97%         4
 Ice Form                 Ice/Tmut       #.......     97%         4
 Leda's Liquefaction      Hex/Erth       #.........   97%         4
 Olgreb's Toxic Radiance  Pois           #.......     97%         4
 Passage of Golubria      Tloc           N/A          97%         4
 Petrify                  Tmut/Erth      #.......     97%         4
 Sticky Flame             Conj/Fire      #.......     97%         4
 Summon Ice Beast         Ice/Summ       #.......     97%         4
 Summon Lightning Spire   Summ/Air       #.......     97%         4
 Agony                    Necr           #.......     100%        5
 Blade Hands              Tmut           #.........   100%        5
 Bolt of Magma            Conj/Fire/Erth #.........   100%        5
 Borgnjor's Vile Clutch   Necr/Erth      #.........   100%        5
 Fireball                 Conj/Fire      #.........   100%        5
 Iskenderun's Battlesphe  Conj           #.......     100%        5
 Lee's Rapid Deconstruct  Erth           #.........   100%        5
 Lightning Bolt           Conj/Air       #.........   100%        5
 Metabolic Englaciation   Hex/Ice        #.........   100%        5
 Silence                  Hex/Air        #.........   100%        5
 Yara's Violent Unravell  Hex/Tmut       #.........   100%        5
 Eringya's Noxious Bog    Tmut/Pois      #.........   100%        6
 Iron Shot                Conj/Erth      #.........   100%        6
 Shadow Creatures         Summ           N/A          100%        6
 Haunt                    Necr/Summ      #.........   100%        7
 Orb of Destruction       Conj           #.........   100%        7
 Spellforged Servitor     Conj/Summ      #.........   100%        7
 Borgnjor's Revivificati  Necr           #.........   100%        8
 Discord                  Hex            #.........   100%        8
 Ignition                 Fire           #.........   100%        8
 Infestation              Necr           #.........   100%        8
 Necromutation            Tmut/Necr      #.........   100%        8
 Death's Door             Necr           #.........   100%        9
 Shatter                  Erth           #.........   100%        9
 Tornado                  Air            #.........   100%        9
 Statue Form              Tmut/Erth      Unusable     N/A         6

Dungeon Overview and Level Annotations

Branches:
Dungeon (15/15)            Temple (1/1) D:6            Lair (6/6) D:9
  Swamp (4/4) Lair:3        Snake (4/4) Lair:2        Slime (0/5) Lair:5
    Orc (2/2) D:9             Elf (3/3) Orc:2        Vaults (5/5) D:14
  Crypt (0/3) Vaults:2     Depths (5/5) D:15           Hell (visited)
    Coc (0/7) Hell            Zot (5/5) Depths:5      Sewer (visited)
  IceCv (visited)
    Dis: Hell:1         Geh: Hell:1         Tar: Hell:1

Altars:
Ashenzari
Cheibriados
Dithmenos
Elyvilon
Fedhas
Gozag
Hepliaklqana
Kikubaaqudgha
Makhleb
Nemelex Xobeh
Okawaru
Qazlal
Ru
Sif Muna
Trog
Uskayaw
Vehumet
Wu Jian
Xom
Yredelemnul
Zin
The Shining One
Beogh
Lugonu

Shops:
D:7 [   Orc:2 *[?[*   Elf:2 :   Vaults:2 (   Vaults:3 :   Depths:1 =}}
Depths:3 [

Portals:
Hell: Depths:1 Depths:2 Depths:3 Depths:4 Depths:5
Abyss: Depths:1 Depths:2 Depths:4 Depths:5
Pandemonium: Depths:3
Ziggurat: Depths:3


Innate Abilities, Weirdness & Mutations

You are resistant to torment.
Your stone body is resilient. (AC +20)
You are immune to poison.
Your large and strong wings let you fly indefinitely.
You resist negative energy. (rN+)
You are resistant to electric shocks. (rElec)
You can survive without breathing.
You are immune to petrification.
You are immune to rotting.
Scrolls take you a little longer to read.
Your body sometimes deteriorates upon taking damage.
Your magical capacity is very low. (-20% MP)
You occasionally shout uncontrollably at your foes.
You are weak. (Str -2)


Message History

You hear a roar! x2
The orb of fire emits a lurid red light.
The bolt of fire hits you but does no damage.
You feel much better.
An Orb Guardian comes into view.
You barely miss the orb of fire.
The orb of fire is heavily damaged.
The orb of fire emits a lurid red light.
The fireball explodes!
The fireball engulfs you!!!!
* * * LOW HITPOINT WARNING * * *
The fireball engulfs the orb of fire.
The orb of fire completely resists.
You hear a roar!
You feel very mighty all of a sudden.
Okay, then.
You don't have enough magic at the moment.
Unknown command.
You gain the combat prowess of a mighty hero.
The orb of fire glows yellow.
The bolt of fire hits you!!
You die...

,,,,,,.........^# ##...........#
,,,,,,^.........# #.........[.#
,,,,,,...^......# ##...........#
,,,,,,..^.......# #.............
,,,,,,...^...^..# ##....^........
,,,,,,.......°☼○###..............
,,,,,,.....X°°°###.^.###########.
,,,,,,........##....## ##
,^,,,,.....^..q*@.### #
,,,,,*#▓▓▓▓▓▓▓▓▓▓▓#
,,,,,,,,,,,,,,****
,,,,,,,^,,,,,,,,,***
,,,,,,,,,,,,,,,,,,,** *
,,,,,,,,,,,,,,,,,,,,* ********* *
,,,,,,,,,,,,,,,,,,,,***,,,,,,,***
,,,,,,,,,,,,,,,,,,,,**,,,,,,,,,**
,,^,,,,,,,,,,,,,,,,,*,,,,^,,,^,,*


You could see an orb of fire, a green draconian monk and an Orb Guardian.

Vanquished Creatures
  2 ancient liches (Zot:5)
  Mara (Vaults:3)
  A juggernaut (Depths:4)
  Sojobo (Vaults:2)
  Bai Suzhen (Swamp:4)
  the Lernaean hydra (Swamp:4)
  Vashnia (Snake:3)
  Saint Roka (Snake:4)
  Geryon (Hell)
  2 curse toes
  2 caustic shrikes (Depths:4)
  Xtahua (Vaults:5)
  Jory (Vaults:4)
  13 golden dragons
  2 bone dragons
  5 electric golems
  Jorgrun (D:12)
  A hellephant (Hell)
  19 tentacled monstrosities
  2 deep elf blademasters
  4 titans
  3 liches
  7 Orb Guardians (Zot:5)
  Asterion (Elf:2)
  2 deep elf master archers
  5 quicksilver dragons
  2 thorn hunters
  Agnes (Snake:4)
  A sphinx (shapeshifter) (Vaults:5)
  11 death cobs
  Gastronok (Lair:3)
  8 sphinxes
  12 shadow dragons
  Donald (Orc:2)
  14 storm dragons
  Roxanne (Elf:1)
  3 draconian monks
  6 tengu reavers
  11 frost giants
  5 draconian knights
  2 iron dragons
  11 nagarajas
  The ghost of ReteAZ the Imperceptible, an adept KoBr of Dithmenos (Snake:2)
  5 deep elf sorcerers
  Aizul (Snake:3)
  12 fire giants
  16 vault wardens
  2 orc warlords
  3 ghost moths
  3 draconian stormcallers
  Louise (Snake:4)
  6 draconian scorchers
  11 draconian shifters
  4 deep elf elementalists
  7 draconian annihilators
  2 reapers (Hell)
  21 ironheart preservers
  22 very ugly things
  3 war gargoyles
  A caustic shrike skeleton (Depths:3)
  A vampire knight (Depths:2)
  20 stone giants
  15 green draconians
  The ghost of Romooz the Markscentaur, a journeyman CeHu of Okawaru (D:14)
  5 entropy weavers
  15 deep elf demonologists
  Azrael (D:14)
  6 deep elf annihilators
  9 red draconians
  10 black draconians
  A dire elephant (Lair:6)
  11 white draconians
  11 purple draconians
  16 ettins
  3 blizzard demons (Hell)
  5 spark wasps
  15 yellow draconians
  A green death (Depths:3)
  10 fire dragons
  A merfolk impaler (Depths:4)
  11 deep elf death magi
  20 yaktaur captains
  4 jiangshi
  Josephine (Orc:1)
  3 deep elf high priests
  11 great orbs of eyes
  15 ice dragons
  Harold (Lair:1)
  A hell beast (Hell)
  38 vault guards
  4 spriggan air magi
  3 shambling mangroves
  Erolcha (D:10)
  7 rakshasas
  13 naga warriors
  10 anacondas
  18 hydras
  10 ogre magi
  A catoblepas (Lair:6)
  2 spectral stone giants (D:14)
  3 death knights
  19 dancing weapons
  14 deep troll shamans
  2 merfolk avatars (Swamp:4)
  16 centaur warriors
  14 alligators
  2 hell hogs (Hell)
  2 tengu warriors
  2 vampire magi
  31 two-headed ogres
  6 orc high priests
  7 deep troll earth magi
  25 naga sharpshooters
  3 soul eaters (Hell)
  8 spriggans
  Sonja (D:12)
  13 shock serpents
  2 spriggan berserkers (Depths:4)
  2 sun demons (Hell)
  28 deep elf knights
  3 iron trolls
  7 skeletal warriors
  A titan skeleton (Hell)
  A storm dragon zombie (Hell)
  18 hell knights
  2 large abominations
  A sixfirhy (Depths:3)
  9 salamander mystics
  5 sea snakes
  An unseen horror (shapeshifter) (Vaults:3)
  31 deep trolls
  A small abomination (Elf:3)
  A shadow wraith (Vaults:4)
  3 unseen horrors
  4 flayed ghosts
  5 naga ritualists
  A quicksilver dragon simulacrum (Hell)
  A wizard (Vaults:1)
  A spriggan druid (Swamp:3)
  2 glowing orange brains
  11 swamp dragons
  2 phantasmal warriors
  Pikel (D:7)
  23 deep elf archers
  4 harpies (Vaults:2)
  9 necromancers
  23 ironbrand convokers
  20 orc knights
  An anaconda skeleton (Hell)
  63 deep elf magi
  A wolf spider (shapeshifter) (Vaults:5)
  6 lindwurms
  A wolf spider zombie (Hell)
  3 mana vipers (shapeshifter)
  A stone giant zombie (Depths:3)
  A spectral deep troll (D:14)
  10 orc sorcerers
  A spectral ice dragon (D:14)
  5 wolf spiders
  55 ugly things
  27 moths of wrath
  A frost giant zombie (D:14)
  12 mana vipers
  12 salamanders
  3 manticores
  31 black mambas
  10 cyclopes
  A moth of wrath (shapeshifter) (Depths:4)
  A fire giant zombie (Hell)
  Maurice (D:9)
  A black mamba (shapeshifter) (Vaults:2)
  3 centaur zombies (D:14)
  4 elephants (Lair:5)
  2 fire giant skeletons
  A rust devil (Hell)
  11 guardian serpents
  Joseph (D:11)
  A frost giant skeleton (Hell)
  4 ice statues
  17 vault sentinels
  25 cane toads
  A cane toad (shapeshifter) (Elf:3)
  2 smoke demons
  2 torpor snails
  22 naga magi
  5 spectral swamp worms (Depths:2)
  Maggie (D:8)
  3 gargoyles
  60 yaktaurs
  13 rime drakes
  An anaconda simulacrum (Snake:2)
  5 freezing wraiths
  2 komodo dragons
  2 spectral nagas (Snake:2)
  3 tengu conjurers
  4 ice devils
  A polar bear (Lair:2)
  A queen bee (shapeshifter) (D:13)
  A hydra zombie (Hell)
  A meliai (shapeshifter) (Vaults:3)
  Prince Ribbit (Lair:2)
  2 red devils (Hell)
  2 jumping spiders (shapeshifter)
  6 trolls
  3 meliai
  A polar bear (shapeshifter) (Depths:2)
  A tyrant leech (shapeshifter) (D:13)
  17 hornets
  A hydra skeleton (Hell)
  A wind drake (shapeshifter) (D:14)
  2 jumping spiders
  2 hornets (shapeshifter)
  2 spriggan zombies
  8 tyrant leeches
  22 blink frogs
  2 fire dragon zombies (Hell)
  6 bog bodies
  44 slime creatures
  An alligator zombie (Hell)
  5 dream sheep
  13 hippogriffs
  2 human simulacra
  A meliai zombie (D:14)
  3 spectral black mambas (Snake:2)
  4 air elementals
  7 water elementals
  7 redbacks
  A shadow (D:13)
  A spriggan (shapeshifter) (Elf:1)
  8 wraiths
  2 vampires
  A wyvern (D:10)
  A yak (shapeshifter) (Depths:2)
  59 yaks
  2 tarantellas
  A fire dragon skeleton (Hell)
  3 fire elementals
  A golden eye (shapeshifter) (Elf:1)
  An alligator skeleton (Hell)
  Edmund (D:5)
  18 vampire mosquitoes
  2 steam dragons
  8 basilisks
  Menkaure (D:7)
  A neqoxec (Depths:3)
  17 swamp worms
  5 wargs
  54 nagas
  A soldier ant (shapeshifter) (Vaults:2)
  23 water moccasins
  9 insubstantial wisps
  4 acid dragons
  A hydra simulacrum (Hell)
  2 hell hounds
  A cane toad zombie (Hell)
  2 floating eyes (shapeshifter)
  2 floating eyes (Depths:4)
  50 orc warriors
  11 porcupines
  3 cane toad skeletons (Hell)
  Purgy (Sewer)
  17 ice beasts
  A black bear (D:7)
  16 swamp drakes
  A spriggan simulacrum (D:14)
  2 fire dragon simulacra
  A sky beast (D:14)
  A black mamba simulacrum (Snake:2)
  4 necrophages
  6 phantoms
  3 boggarts (Vaults:1)
  40 ogres
  36 centaurs
  2 lemures (D:7)
  6 wolves (Lair:6)
  18 crocodiles
  A big kobold (shapeshifter) (Vaults:5)
  22 bullfrogs
  2 elf zombies
  4 big kobolds
  A gnoll sergeant (D:7)
  A water moccasin zombie (D:7)
  A troll zombie (D:8)
  4 scorpions
  8 killer bees
  An orc simulacrum (Vaults:2)
  2 naga simulacra (Snake:2)
  13 wights
  2 electric eels
  A crimson imp (Hell)
  A bullfrog zombie (D:10)
  2 quasits
  26 orc wizards
  2 human zombies (D:8)
  4 jellies
  17 orc priests
  A gnoll shaman (D:8)
  5 hounds
  3 bullfrog skeletons
  6 iguanas
  Jessica (D:3)
  4 centaur skeletons
  Crazy Yiuf (D:2)
  Natasha (thrice) (D:3)
  15 worker ants
  2 hound skeletons
  3 mummies (D:8)
  12 gnolls
  20 adders
  3 shadow imps
  A white imp (D:5)
  2 ufetubi
  7 oozes
  An adder zombie (D:9)
  3 worms
  2 adder skeletons
  A dart slug (D:2)
  4 leopard geckos
  109 orcs
  7 ball pythons
  10 giant cockroaches
  12 hobgoblins
  14 jackals
  4 quokkas
  2 bats (D:1)
  9 frilled lizards
  6 goblins
  9 kobolds
  A leopard gecko zombie (D:6)
  A quokka skeleton (D:4)
  4 rats
  2 crawling corpses
  2 plants
2486 creatures vanquished.

Vanquished Creatures (others)
  A golden dragon (Zot:4)
  A lich (Vaults:5)
  2 tengu reavers (Vaults:2)
  A vault warden (Vaults:5)
  A deep elf annihilator (Vaults:5)
  A red draconian (Zot:2)
  A deep elf knight (Elf:3)
  A wizard (Vaults:3)
  2 necromancers (Hell)
  A deep elf mage (Elf:1)
  A naga mage (Snake:4)
  A bog body (Swamp:1)
  A tyrant leech (Swamp:3)
  A wyvern skeleton (D:14)
  An orc priest (Orc:2)
  3 orcs
  A crawling corpse (Vaults:5)
  2 fungi
  12 plants
35 creatures vanquished.

Grand Total: 2521 creatures vanquished

Notes
Turn   | Place    | Note
-------+----------+-------------------------------------------
     0 | D:1      | rtg the Gargoyle Fighter began the quest for the Orb.
     0 | D:1      | Reached XP level 1. HP: 14/14 MP: 1/1
   290 | D:1      | Reached XP level 2. HP: 17/19 MP: 2/2
   644 | D:1      | Reached XP level 3. HP: 23/23 MP: 3/3
   926 | D:2      | Found a runed translucent door.
   927 | D:2      | Noticed Crazy Yiuf
  1044 | D:2      | Found a shimmering blue altar of Sif Muna.
  1290 | D:2      | Found a bloodstained altar of Trog.
  1529 | D:2      | Killed Crazy Yiuf
  1529 | D:2      | Reached XP level 4. HP: 4/29 MP: 4/4
  1859 | D:3      | Noticed Natasha
  1869 | D:3      | Killed Natasha
  1869 | D:3      | Reached skill level 4 in Shields
  2106 | D:3      | Noticed Jessica
  2118 | D:3      | Killed Jessica
  2118 | D:3      | Reached XP level 5. HP: 33/33 MP: 5/5
  2136 | D:3      | Noticed Natasha
  2158 | D:3      | Killed Natasha
  2179 | D:3      | Noticed Natasha
  2510 | D:3      | Killed Natasha
  2688 | D:3      | Found an opulent altar of Gozag.
  2858 | D:3      | Found a sacrificial altar of Ru.
  3433 | D:4      | Reached XP level 6. HP: 35/38 MP: 6/6
  3873 | D:4      | Reached skill level 5 in Maces & Flails
  3875 | D:4      | Reached XP level 7. HP: 25/43 MP: 7/7
  4042 | D:4      | Reached skill level 5 in Shields
  4306 | D:4      | Found a burning altar of Makhleb.
  4306 | D:4      | Found a hide-covered altar of Uskayaw.
  4335 | D:5      | Entered Level 5 of the Dungeon
  4654 | D:5      | Reached skill level 5 in Armour
  4738 | D:5      | Found a glowing drain.
  4760 | Sewer    | Entered a sewer
  4892 | Sewer    | Noticed Purgy
  4910 | Sewer    | Killed Purgy
  5497 | D:5      | HP: 2/44 [ogre/+0 giant club (7)]
  5928 | D:5      | Found an opulent altar of Gozag.
  6136 | D:5      | Noticed Edmund
  6191 | D:5      | Killed Edmund
  6191 | D:5      | Reached XP level 8. HP: 46/48 MP: 8/8
  6306 | D:5      | Reached skill level 6 in Shields
  6934 | D:6      | Reached skill level 5 in Fighting
  6945 | D:6      | Found a staircase to the Ecumenical Temple.
  6965 | D:6      | Found an ornate altar of the Wu Jian Council.
  7497 | D:6      | Found a hazy altar of Hepliaklqana.
  7870 | D:7      | Noticed Pikel
  7895 | D:7      | Killed Pikel
  7895 | D:7      | Reached skill level 7 in Shields
  7895 | D:7      | Reached XP level 9. HP: 4/54 MP: 9/9
  8229 | D:7      | Found a glowing silver altar of Zin.
  8329 | D:7      | Reached skill level 8 in Shields
  8392 | D:7      | Noticed Menkaure
  8402 | D:7      | Killed Menkaure
  8405 | D:7      | Found King's Antique Armour Emporium.
  8805 | D:7      | Identified a scroll of acquirement
  8805 | D:7      | Acquired the +0 demon whip of Extermination {vamp, Str+8}
  9098 | D:8      | Reached skill level 9 in Shields
  9190 | D:7      | Reached XP level 10. HP: 54/60 MP: 10/10
  9412 | D:8      | Noticed Maggie
  9424 | D:8      | Killed Maggie
  9652 | D:8      | Found an ancient bone altar of Kikubaaqudgha.
  9832 | D:9      | Found a white marble altar of Elyvilon.
  9903 | D:9      | Reached skill level 10 in Shields
 10050 | D:9      | Found a staircase to the Orcish Mines.
 10095 | D:9      | Found a shattered altar of Ashenzari.
 10096 | D:9      | Found an iron altar of Okawaru.
 10097 | D:9      | Found a glowing golden altar of the Shining One.
 10097 | D:9      | Found a sparkling altar of Nemelex Xobeh.
 10130 | D:9      | Became a worshipper of Warmaster Okawaru
 10200 | D:9      | Noticed a two-headed ogre
 10215 | D:9      | Killed a two-headed ogre
 10215 | D:9      | Reached skill level 10 in Maces & Flails
 10246 | D:9      | Found a shadowy altar of Dithmenos.
 10271 | D:9      | Reached * piety under Okawaru
 10272 | D:9      | Found a staircase to the Lair.
 10520 | D:10     | Entered Level 10 of the Dungeon
 10811 | D:10     | Noticed Erolcha
 10831 | D:10     | Killed Erolcha
 10831 | D:10     | Reached ** piety under Okawaru
 10831 | D:10     | Reached XP level 11. HP: 66/67 MP: 11/11
 11196 | D:10     | Reached *** piety under Okawaru
 11698 | D:11     | Noticed an unseen horror
 11799 | D:11     | Noticed an unseen horror
 11809 | D:10     | Reached skill level 11 in Shields
 11890 | D:11     | Noticed a centaur warrior
 11901 | D:11     | Killed a centaur warrior
 11901 | D:11     | Reached **** piety under Okawaru
 11940 | D:11     | Killed an unseen horror
 11956 | D:11     | Noticed Joseph
 11971 | D:11     | Killed Joseph
 12010 | D:11     | Noticed a cyclops
 12038 | D:11     | Killed a cyclops
 12065 | D:11     | Found a frozen archway.
 12083 | IceCv    | Entered an ice cave
 12091 | IceCv    | Reached ***** piety under Okawaru
 12138 | IceCv    | Reached XP level 12. HP: 75/75 MP: 12/12
 12293 | IceCv    | Noticed an ice dragon
 12293 | IceCv    | Noticed an ice dragon
 12332 | IceCv    | Killed an ice dragon
 12357 | IceCv    | Killed an ice dragon
 12357 | IceCv    | Reached skill level 12 in Shields
 12438 | IceCv    | Got a warped golden ring
 12557 | IceCv    | Received a gift from Okawaru
 12558 | IceCv    | Got a pitted great mace {god gift}
 13124 | Lair:1   | Entered Level 1 of the Lair of Beasts
 13126 | Lair:1   | Noticed a five-headed hydra
 13419 | D:9      | Killed a five-headed hydra
 13454 | Lair:1   | Reached skill level 10 in Fighting
 13669 | Lair:1   | Noticed Harold
 13682 | Lair:1   | Killed Harold
 13738 | Lair:1   | Reached ****** piety under Okawaru
 13738 | Lair:1   | Received a gift from Okawaru
 14395 | Lair:2   | Identified the ring of Xiypse {Wiz *Corrode rElec MR+
                  | Str+4} (You found it in an ice cave)
 14446 | Lair:2   | Noticed Prince Ribbit
 14459 | Lair:2   | Killed Prince Ribbit
 14459 | Lair:2   | Reached XP level 13. HP: 83/83 MP: 13/13
 14473 | Lair:2   | Reached skill level 10 in Armour
 14587 | Lair:2   | Reached skill level 13 in Shields
 14899 | Lair:2   | Found a staircase to the Snake Pit.
 15625 | Lair:3   | Received a gift from Okawaru
 16059 | Lair:3   | Noticed Gastronok
 16072 | Lair:3   | Killed Gastronok
 16072 | Lair:3   | Reached skill level 14 in Shields
 16150 | Lair:3   | Found a staircase to the Swamp.
 16886 | Lair:4   | Gained mutation: Your large and strong wings let you fly
                  | indefinitely. [Gargoyle growth]
 16886 | Lair:4   | Reached XP level 14. HP: 86/90 MP: 14/14
 17184 | Lair:5   | Received a gift from Okawaru
 17440 | Lair:5   | Reached skill level 15 in Shields
 17955 | Lair:5   | Found a staircase to the Slime Pits.
 18009 | Lair:6   | Entered Level 6 of the Lair of Beasts
 18158 | Lair:6   | Acquired 2690 gold pieces
 18739 | Lair:6   | Noticed a dire elephant
 18756 | Lair:6   | Killed a dire elephant
 18922 | Lair:6   | Received a gift from Okawaru
 19019 | Lair:6   | Identified Caip's Catalogue of Harmful Earth
 19127 | Lair:6   | Reached skill level 16 in Shields
 19189 | Lair:6   | Received a gift from Okawaru
 19260 | Lair:6   | Got a pair of smoking gloves {god gift}
 19271 | Lair:6   | Identified the +2 pair of gloves of Gestures {Dex+5}
                  | (Okawaru gifted it to you on level 6 of the Lair of Beasts)
 19716 | Orc:1    | Entered Level 1 of the Orcish Mines
 19716 | Orc:1    | Noticed Maurice
 19765 | D:9      | Killed Maurice
 20018 | Orc:1    | Noticed Josephine
 20088 | Orc:1    | Killed Josephine
 20088 | Orc:1    | Reached XP level 15. HP: 97/97 MP: 15/15
 20639 | Orc:2    | Entered Level 2 of the Orcish Mines
 20763 | Orc:2    | Found Vafaocoo's Assorted Antiques.
 20857 | Orc:2    | Noticed Donald
 20868 | Orc:2    | Noticed an orc warlord
 20886 | Orc:2    | Killed Donald
 21456 | Orc:2    | Killed an orc warlord
 21531 | Orc:2    | Found a runed translucent door.
 22364 | Orc:2    | Found a staircase to the Elven Halls.
 22451 | Orc:2    | Found Cuacroj's Magic Scroll Shop.
 22451 | Orc:2    | Found Moptaun's Antique Armour Emporium.
 22478 | Orc:2    | Found Cewutteat's General Store.
 22478 | Orc:2    | Found Saovifa's Antique Armour Emporium.
 22484 | Orc:2    | Bought a scroll of immolation for 63 gold pieces
 22646 | Orc:2    | Received a gift from Okawaru
 22646 | Orc:2    | Reached skill level 17 in Shields
 22705 | Orc:2    | Found a roughly hewn altar of Beogh.
 22986 | D:12     | Received a gift from Okawaru
 23039 | D:12     | Noticed Jorgrun
 23078 | D:12     | Killed Jorgrun
 23300 | D:12     | Noticed Sonja
 23324 | D:12     | Killed Sonja
 23404 | D:12     | Found a shimmering altar of Xom.
 23854 | Orc:2    | Bought a scroll of enchant armour for 135 gold pieces
 24984 | D:13     | Noticed a fire giant
 25002 | D:13     | Killed a fire giant
 25595 | D:14     | Noticed Azrael
 25604 | D:14     | Killed Azrael
 25604 | D:14     | Reached skill level 15 in Maces & Flails
 25604 | D:14     | Reached XP level 16. HP: 81/105 MP: 13/16
 25613 | D:14     | Reached skill level 18 in Shields
 25780 | D:14     | Found a runed translucent gate.
 25780 | D:14     | Found a runed translucent gate.
 25780 | D:14     | Found a runed translucent gate.
 25781 | D:14     | Noticed Romooz's ghost (journeyman CeHu)
 25828 | D:14     | Received a gift from Okawaru
 26149 | D:14     | Found a gate to the Vaults.
 26573 | D:14     | Received a gift from Okawaru
 26629 | D:14     | Got a jet-encrusted scale mail {god gift}
 26656 | D:14     | Identified the +8 scale mail "Husiargha" {*Drain rElec
                  | rCorr SInv} (Okawaru gifted it to you on level 14 of the
                  | Dungeon)
 27249 | D:14     | Killed Romooz's ghost
 27324 | D:14     | Reached skill level 19 in Shields
 27456 | D:15     | Entered Level 15 of the Dungeon
 27987 | D:15     | Found a staircase to the Depths.
 28354 | Snake:1  | Entered Level 1 of the Snake Pit
 28484 | Snake:1  | Received a gift from Okawaru
 28543 | Snake:1  | Reached XP level 17. HP: 102/112 MP: 15/17
 28576 | Snake:1  | Got a pair of faintly humming boots {god gift}
 28582 | Snake:1  | Identified the +0 pair of boots "Jophial" {rCorr MP+9 Str-4
                  | Int+5} (Okawaru gifted it to you on level 1 of the Snake
                  | Pit)
 29410 | Snake:2  | Found an ornate altar of the Wu Jian Council.
 29468 | Snake:2  | Reached skill level 20 in Shields
 29515 | Snake:2  | Identified the +5 great mace "Qozapt" {freeze, rElec Int+4
                  | Dex-5} (Okawaru gifted it to you in an ice cave)
 29713 | Snake:2  | Found a runed translucent gate.
 29714 | Snake:2  | Found a runed translucent gate.
 29715 | Snake:2  | Found a runed translucent gate.
 29716 | Snake:2  | Noticed ReteAZ's ghost (adept KoBr)
 30051 | Snake:2  | Killed ReteAZ's ghost
 30264 | Snake:3  | Noticed Aizul
 30268 | Snake:3  | Noticed Vashnia
 30302 | Snake:3  | Killed Aizul
 30303 | Snake:3  | Reached skill level 15 in Fighting
 30322 | Snake:3  | Received a gift from Okawaru
 30348 | Snake:3  | Killed Vashnia
 30907 | Snake:3  | Reached skill level 21 in Shields
 30923 | Snake:3  | Received a gift from Okawaru
 31138 | Snake:3  | Got a twisted flail {god gift}
 31141 | Snake:2  | Identified the +5 flail of Somewhere Else {venom, Dex+3}
                  | (Okawaru gifted it to you on level 3 of the Snake Pit)
 31420 | Snake:3  | Reached XP level 18. HP: 119/119 MP: 18/18
 31821 | Snake:4  | Entered Level 4 of the Snake Pit
 32034 | Snake:3  | Reached skill level 1 in Dodging
 32157 | Snake:4  | Noticed Louise
 32237 | Snake:4  | Killed Louise
 32279 | Snake:4  | Noticed Saint Roka
 32294 | Snake:4  | Killed Saint Roka
 32538 | Snake:4  | Received a gift from Okawaru
 33237 | Snake:4  | Reached skill level 22 in Shields
 33719 | Snake:4  | Reached XP level 19. HP: 117/125 MP: 19/19
 33988 | Snake:4  | Noticed Agnes
 34012 | Snake:4  | Killed Agnes
 34070 | Snake:4  | Got a serpentine rune of Zot
 34249 | Snake:4  | Reached skill level 5 in Dodging
 34249 | Snake:4  | Reached XP level 20. HP: 132/132 MP: 20/20
 34252 | Snake:4  | Reached XP level 21. HP: 137/137 MP: 21/21
 34373 | Swamp:1  | Entered Level 1 of the Swamp
 34505 | Swamp:1  | Received a gift from Okawaru
 35307 | Swamp:2  | Reached skill level 23 in Shields
 36672 | Swamp:1  | Identified a +2 pair of boots of running (Okawaru gifted it
                  | to you on level 1 of the Swamp)
 37344 | Swamp:4  | Entered Level 4 of the Swamp
 37390 | Swamp:4  | Noticed Bai Suzhen
 37442 | Swamp:4  | Killed Bai Suzhen
 37508 | Swamp:4  | Noticed the 27-headed Lernaean hydra
 37522 | Swamp:4  | Killed the 27-headed Lernaean hydra
 38120 | Swamp:4  | Got a decaying rune of Zot
 38199 | Swamp:4  | Got a masterwork great sword
 38333 | Swamp:4  | Identified the +9 great sword of Past Mistakes {pain, rF-
                  | rC+ Str-5 Dex+7} (You found it on level 4 of the Swamp)
 38971 | Temple   | Entered the Ecumenical Temple
 39195 | Vaults:1 | Entered Level 1 of the Vaults
 39378 | Vaults:1 | Received a gift from Okawaru
 39378 | Vaults:1 | Reached skill level 1 in Invocations
 39530 | Vaults:1 | Reached XP level 22. HP: 144/144 MP: 22/22
 39631 | Vaults:1 | Reached skill level 24 in Shields
 41638 | Vaults:1 | Received a gift from Okawaru
 41888 | Vaults:2 | Identified the ring "Quipom" {rC+ MR+ Str+3}
 42036 | Vaults:2 | Found a staircase to the Crypt.
 42145 | Vaults:2 | Reached skill level 5 in Invocations
 42260 | Vaults:2 | Noticed Sojobo
 42909 | Vaults:2 | Found Eshraffua's Antique Weapon Boutique.
 42945 | Vaults:2 | Killed Sojobo
 43305 | Vaults:2 | Reached skill level 25 in Shields
 43316 | Vaults:2 | Reached XP level 23. HP: 151/151 MP: 27/27
 43557 | Vaults:2 | You are sucked into a shaft and drop 1 floor!
 44195 | Orc:2    | Bought a scroll of teleportation for 54 gold pieces
 44326 | Orc:2    | Bought a potion of curing for 33 gold pieces
 44665 | Vaults:2 | Received a gift from Okawaru
 44869 | Vaults:3 | Paralysed by a floating eye for 4 turns
 45015 | Vaults:3 | Noticed Mara
 45026 | Vaults:3 | Noticed rtg's illusion
 45036 | Vaults:3 | Killed Mara
 45474 | Vaults:3 | Received a gift from Okawaru
 46546 | Vaults:3 | Found Nuiczo's Book Shop.
 46901 | Vaults:4 | Noticed Jory
 46983 | Vaults:4 | Killed Jory
 47077 | Vaults:4 | Reached skill level 26 in Shields
 47200 | Vaults:4 | Received a gift from Okawaru
 47200 | Vaults:4 | Reached skill level 10 in Dodging
 47253 | Vaults:4 | Reached XP level 24. HP: 159/159 MP: 29/29
 47849 | Vaults:4 | Found a radiant altar of Vehumet.
 48013 | Vaults:4 | Received a gift from Okawaru
 48747 | Elf:1    | Entered Level 1 of the Elven Halls
 48747 | Elf:1    | Identified Roxanne's Incunabulum of Earth
 48747 | Elf:1    | Noticed Roxanne
 48779 | Elf:1    | Killed Roxanne
 50030 | Elf:2    | Found a runed translucent gate.
 50031 | Elf:2    | Found a runed translucent gate.
 50092 | Elf:2    | Found a runed translucent gate.
 50321 | Elf:2    | Found Dar Saun's Book Emporium.
 50448 | Elf:3    | Entered Level 3 of the Elven Halls
 50890 | Elf:3    | Identified the cursed +0 helmet of the Butterfly {rCorr}
                  | (You found it on level 3 of the Elven Halls)
 51209 | Elf:3    | Identified the ring of Pyeremmah {Fire +Blink Dex+3 Stlth-}
 51262 | Elf:3    | Identified the +7 demon blade of the Foremost Runes {vamp,
                  | Str+4 Dex+5}
 51262 | Elf:3    | Identified the +1 robe "Coxtonae" {*Contam rN+ Dex+4}
 51262 | Elf:3    | Identified the ring of Xom's Amusement {rN+ Dex+4 Stlth+}
 51271 | Elf:2    | Reached skill level 15 in Armour
 51273 | Elf:2    | Reached skill level 10 in Invocations
 51313 | Elf:3    | Received a gift from Okawaru
 51580 | Elf:3    | Identified the cursed +1 scale mail "Oluolaho" {rC+ Str+3}
 51672 | Elf:3    | Reached skill level 27 in Shields
 51808 | Elf:3    | Identified the Grimoire of Conjuration and Lightness
 51814 | Elf:3    | Identified the Catalogue of Lightness and Changing
 52364 | Elf:2    | Reached XP level 25. HP: 166/166 MP: 30/30
 52566 | Elf:2    | Noticed Asterion
 52587 | Elf:2    | Killed Asterion
 52587 | Elf:2    | Received a gift from Okawaru
 52794 | Elf:2    | Got a pair of smoking gloves {god gift}
 52805 | Elf:2    | Identified the +1 pair of gloves "Ziubat" {rF+} (Okawaru
                  | gifted it to you on level 2 of the Elven Halls)
 53408 | Depths:1 | Entered Level 1 of the Depths
 53619 | Depths:1 | Found Weathig's Jewellery Boutique.
 53619 | Depths:1 | Found Pacoan's Gadget Shoppe.
 53620 | Depths:1 | Found Varienin's Gadget Shoppe.
 53688 | Depths:1 | Found a gateway to Hell.
 53835 | Depths:1 | Found a one-way gate to the infinite horrors of the Abyss.
 55775 | Depths:2 | Got a transparent marble ring
 55981 | Depths:2 | Found a corrupted altar of Lugonu.
 56256 | Depths:2 | Received a gift from Okawaru
 56309 | Depths:2 | Got a pair of brightly glowing gloves {god gift}
 56310 | Depths:2 | Identified the +2 pair of gloves "Forget-Me-Not" {rC- MR++}
                  | (Okawaru gifted it to you on level 2 of the Depths)
 56312 | Depths:2 | Identified the ring of Zuqoc {rPois Str+4 Int+2 SInv} (You
                  | found it on level 2 of the Depths)
 56917 | Depths:3 | Found a gateway to a ziggurat.
 57244 | Depths:3 | Found Yhotas's Armour Shop.
 57253 | Depths:3 | You are sucked into a shaft and drop 1 floor!
 57617 | Depths:3 | Found a one-way gate leading to the halls of Pandemonium.
 57725 | Depths:3 | Reached XP level 26. HP: 175/175 MP: 31/31
 58572 | Depths:4 | Noticed a juggernaut
 58590 | Depths:4 | Killed a juggernaut
 58614 | Depths:4 | Received a gift from Okawaru
 58847 | Depths:4 | Paralysed by a floating eye for 3 turns
 58857 | Depths:4 | Paralysed by a floating eye for 2 turns
 58871 | Depths:4 | Paralysed by a floating eye for 4 turns
 58881 | Depths:4 | Paralysed by a floating eye for 3 turns
 58890 | Depths:4 | Paralysed by a floating eye for 2 turns
 58896 | Depths:4 | Paralysed by a floating eye for 3 turns
 58909 | Depths:4 | Paralysed by a floating eye for 4 turns
 58919 | Depths:4 | Paralysed by a floating eye for 2 turns
 58927 | Depths:4 | Paralysed by a floating eye for 2 turns
 58936 | Depths:4 | Paralysed by a floating eye for 4 turns
 59422 | Depths:4 | Identified the +9 short sword of Might {drain, *Corrode
                  | +Rage rF+++ Dex+3}
 59966 | Depths:4 | You are sucked into a shaft and drop 1 floor!
 59966 | Depths:5 | Entered Level 5 of the Depths
 60305 | Depths:5 | Received a gift from Okawaru
 60552 | Depths:5 | Found a gate to the Realm of Zot.
 60707 | Hell     | Entered the Vestibule of Hell
 60710 | Hell     | Noticed Geryon
 60721 | Hell     | Found a gateway to the freezing wastes of Cocytus.
 60741 | Hell     | Reached XP level 27. HP: 173/184 MP: 31/31
 61352 | Hell     | Killed Geryon
 62251 | Depths:5 | Received a gift from Okawaru
 63432 | Vaults:5 | Entered Level 5 of the Vaults
 63875 | Vaults:5 | Noticed Xtahua
 63888 | Vaults:5 | Killed Xtahua
 63900 | Vaults:5 | Received a gift from Okawaru
 64483 | Vaults:5 | Identified the +7 broad axe "Zidon" {vamp, Int+5}
 64845 | Vaults:5 | Identified the +2 robe "Utwagimp" {rPois}
 64882 | Vaults:4 | Received a gift from Okawaru
 64883 | Vaults:4 | Got a spiked chain mail {god gift}
 66006 | Vaults:5 | Got a silver rune of Zot
 66350 | Vaults:5 | Got a bloodstained helmet
 66351 | Vaults:5 | Identified the +2 helmet "Cururu Cumas" {+Inv rN+} (You
                  | found it on level 5 of the Vaults)
 66731 | Zot:1    | Entered Level 1 of the Realm of Zot
 68378 | Zot:1    | Received a gift from Okawaru
 69097 | Zot:2    | Found the brooch of Shielding {Spirit SH+8}
 69324 | Zot:1    | Received a gift from Okawaru
 71037 | Zot:2    | Received a gift from Okawaru
 73125 | Zot:4    | Received a gift from Okawaru
 74336 | Zot:5    | Entered Level 5 of the Realm of Zot
 75048 | Zot:5    | Noticed an ancient lich
 75221 | Zot:5    | Gained mutation: You are weak. (Str -2) [mutagenic glow]
 75256 | Zot:5    | Gained mutation: You occasionally shout uncontrollably at
                  | your foes. [mutagenic glow]
 75495 | Zot:5    | Noticed an ancient lich
 75509 | Zot:5    | Killed an ancient lich
 75510 | Zot:5    | Noticed an ancient lich
 75533 | Zot:5    | Killed an ancient lich
 75605 | Zot:5    | Noticed an orb of fire
 75605 | Zot:5    | Gained mutation: Your magical capacity is low. (-10% MP)
                  | [an orb of fire]
 75622 | Zot:5    | Gained mutation: Scrolls take you a little longer to read.
                  | [an orb of fire]
 75626 | Zot:5    | Gained mutation: Your magical capacity is very low. (-20%
                  | MP) [an orb of fire]
 75634 | Zot:5    | Gained mutation: Your body sometimes deteriorates upon
                  | taking damage. [an orb of fire]
 75643 | Zot:5    | Killed from afar by an orb of fire

Illustrated notes

Levels and vault maps discovered:
D:1:      dpeg_arrival_prison, layout_loops_corners
D:2:      layout_loops_ring, bloody_trog, nicolae_overflow_crystal_walls,
          minmay_misc_feat_four_crosses, uniq_crazy_yiuf_cottage
D:3:      layout_basic, hangedman_ru_absence, marbit_many_paths, uniq_natasha,
          uniq_jessica
D:4:      layout_cave_pools, gammafunk_temple_overflow_statue,
          supply_closet_lemuel
D:5:      layout_gridville, cheibrodos_sewer_entry_drain, kennysheep_diamond,
          uniq_edmund
D:6:      layout_basic, lemuel_crystal_altar, kennysheep_little_box,
          minmay_temple_entry_tees
D:7:      layout_loops_ring, zin_treasury, serial_shops, shop, uniq_menkaure,
          uniq_pikel
D:8:      layout_rooms, lemuel_mausoleum_altar_kikubaaqudgha,
          hangedman_little_slice_of_home, uniq_maggie
D:9:      layout_irregular_city, lemuel_coloured_pillars_altar,
          lemuel_crystal_altar, chequers_temple_overflow_statue_of_worship,
          lair_entry_dummy, david_orc_3
D:10:     hangedman_cross_stitches, layout_basic, uniq_erolcha
D:11:     layout_loops_ring, portal_ice_cave_rime, minmay_sticks_and_stones
D:12:     layout_rooms, xom_teletrap_fun, uniq_jorgrun, uniq_sonja
D:13:     layout_irregular_city, minmay_diamond_spiral
D:14:     minmay_elf_outpost, layout_basic, lightli_vaults_fourway_checkpoint,
          gammafunk_ghost_necromancy, infiniplex_staircase_pool_1, uniq_azrael
D:15:     grunt_enter_depths_snipers, layout_basic, kennysheep_flooded_box,
          chequers_serial_rivers_micro_b
Temple:   corrupted_temple
Lair:1:   layout_cave_pods, uniq_harold
Lair:2:   layout_gridlike, minmay_snake_entry_six_corridors,
          beast_lair_carwin_6, uniq_prince_ribbit2
Lair:3:   layout_hall_layers, minmay_swamp_entry_eels, uniq_gastronok
Lair:4:   layout_big_grid
Lair:5:   layout_cave_pods, slime_dummy, infiniplex_staircase_pool_2,
          grunt_megastairs_1
Lair:6:   hangedman_lair_in_review, layout_cave_shapes, guppyfry_lair_end_dragon
Swamp:1:  layout_falls_marsh, evilmike_swamp_ruin_house_3, swamp_pool3
Swamp:2:  layout_falls_marsh, evilmike_swamp_ruin_house_5
Swamp:3:  layout_basic_swamp, hangedman_swamp_ruin_wall
Swamp:4:  swamp_alternative, layout_basic_swamp, swamp_pool2,
          statue_in_the_mist_lemuel, nicolae_swamp_triple_paths,
          grunt_lady_of_the_lake, uniq_bai_suzhen
Snake:1:  layout_rooms, nrook_guardian_serpent_ordinary
Snake:2:  layout_rooms, basic_altar, gammafunk_ghost_necromancy
Snake:3:  layout_cave_town, drop_trap, st_stairs_14, grunt_ministairs_15,
          uniq_vashnia, uniq_aizul
Snake:4:  snake_pit_salamanders_mu, layout_rooms, serial_bayou_pond_c,
          minmay_snake_pond, serial_bayou_shore_a, uniq_saint_roka, uniq_louise,
          uniq_agnes
Orc:1:    layout_caves, uniq_josephine, uniq_maurice
Orc:2:    grunt_orc_tribal_feast, layout_diamond_mine, serial_shops,
          nicolae_shop_waterfront, lightli_church_of_beogh, uniq_donald
Elf:1:    layout_gridlike, serial_co_window_serial, co_window_paths_b,
          co_window_corner_a, co_window_of_opportunity_a, co_window_paths_a,
          co_window_corner_a, co_window_paths_b, co_window_corner_a,
          co_window_broadway_b, co_window_corner_b, co_window_of_opportunity_b,
          co_window_broadway_c, co_window_of_opportunity_b, uniq_roxanne
Elf:2:    layout_gridlike, serial_shops, nicolae_shop_trees, uniq_asterion
Elf:3:    grunt_elf_hall_spiral, layout_gridlike
Vaults:1: vaults_room_glass_cross, ontoclasm_vaults_hangar,
          nicolae_vaults_network_quinsquares
          [nicolae_vaults_network_quincunx_subvault,
          nicolae_vaults_network_quincunx_subvault,
          nicolae_vaults_network_quincunx_subvault,
          nicolae_vaults_network_quincunx_subvault], ontoclasm_vaults_gateway,
          v_misc_15, nicolae_vaults_little_squares_4,
          vaults_standard_mumra_enter_the_diamond,
          nicolae_vaults_twisting_passages, ontoclasm_vaults_claustrophobia,
          v_misc_5, v_pattern_3, nicolae_vaults_what_the_h, v_misc_22,
          vaults_room_grid, layout_vaults_maze_bifur
Vaults:2: v_misc_27, v_alt_pattern_3, v_misc_23,
          minmay_crypt_entry_nasty_monster, v_misc_19, vaults_room_pools,
          ontoclasm_vaults_spin, vaults_mumra_chevron_long,
          nicolae_vaults_network_square, nicolae_vaults_specimen_jars,
          v_rooms_3, nicolae_vaults_diagonal_hallway_9, v_misc_5,
          vaults_mumra_hex, vaults_dpeg_hooks, layout_vaults_ring, serial_shops,
          nicolae_shop_behind_doors, uniq_sojobo
Vaults:3: hangedman_vaults_stretched_pinwheel, hangedman_vaults_locks,
          v_misc_17, ontoclasm_vaults_ring_large, grunt_vaults_hallway_short,
          nicolae_vaults_little_squares_6, ontoclasm_vaults_hangar,
          grunt_vaults_hallway_short, nicolae_vaults_border_crossing,
          ontoclasm_vaults_pinch, v_misc_31, vaults_room_hangedman_quadrants,
          vaults_mumra_hexcomb, v_misc_23, layout_vaults_big_room, serial_shops,
          shop, uniq_mara
Vaults:4: v_pattern_4, nicolae_vaults_halls_meeting, ontoclasm_vaults_ligature,
          ontoclasm_vaults_chip, v_alt_pattern_2, v_misc_4,
          layout_vaults_omnigrid, basic_altar, uniq_jory
Vaults:5: uniq_xtahua
Depths:1: layout_honeycomb, abyss_entry, hell_entry, kennysheep_generic_room_11,
          grunt_megastairs_2, minmay_shop_grove
Depths:2: minmay_the_grid_net [minmay_the_grid_broken_lines,
          minmay_the_grid_spikes, minmay_the_grid_doors,
          minmay_the_grid_plusring, minmay_the_grid_zigzag_pyramid,
          minmay_the_grid_prize_shrinking_boxes], layout_gridlike,
          abyss_entry_flame_altar, kennysheep_nub, pf_hell_entry_tar_river
Depths:3: cheibrodos_quadrivalence, layout_basic, enter_ziggurat_f,
          serial_shops, nicolae_shop_temple_entry_statues_fountains,
          minivault_14, rand_demon_pan_entry_1, hell_entry,
          roderic_serpentine_path, infiniplex_staircase_door_maze
Depths:4: minmay_expanding_squares, layout_small_grid,
          abyss_entry_small_statue_room, hell_entry, serial_bayou_ford_a,
          minmay_shattered_shrine
Depths:5: grunt_zot_entry_bicorn, layout_honeycomb, hell_entry,
          mu_enter_wizlab_6, abyss_entry
Hell
Zot:1:    kennysheep_bubbly, layout_gridlike
Zot:2:    layout_basic
Zot:3:    layout_misc_corridors, grunt_ministairs_15
Zot:4:    layout_misc_corridors, lemuel_golem_globe
Zot:5:    layout_twisted_circle

Skill      XL: |  1  2  3  4  5  6  7  8  9 10 11 12 13 14 15 16 17 18 19 20 21 22 23 24 25 26 27 |
---------------+----------------------------------------------------------------------------------+-----
Armour         | 4 5 6 7 8 9 10 11 12 13 14 15 16 19 | 19.7
Maces & Flails | 3 4 5 6 7 8 10 12 13 14 15 16 17 18 22 | 22.7
Shields        | 4 5 7 9 10 11 12 14 16 17 19 21 22 23 25 26 27 | 27.0
Fighting       | 4 5 6 7 8 10 11 12 13 14 15 16 17 18 19 20 21 26 | 26.0
Dodging        | 4 5 6 7 8 10 11 12 14 | 14.1
Invocations    | 1 6 8 10 11 | 11.0
Bows           | |  0.1
Evocations     | |  0.6

Action                   |  1- 3 |  4- 6 |  7- 9 | 10-12 | 13-15 | 16-18 | 19-21 | 22-24 | 25-27 || total
-------------------------+-------+-------+-------+-------+-------+-------+-------+-------+-------++-------
Melee: Flail             |    85 |       |       |       |       |       |       |       |       ||    85
       Mace              |    27 |   178 |   534 |       |       |       |       |       |       ||   739
       Demon whip        |       |       |    64 |  1009 |  1931 |  2329 |  1269 |  3326 |  5772 || 15700
Invok: Heroism           |       |       |       |     4 |    15 |    11 |     4 |     7 |    14 ||    55
       Finesse           |       |       |       |       |       |       |       |       |     6 ||     6
 Abil: Evoke Invisibilit |       |       |       |       |       |     1 |       |       |     1 ||     2
Evoke: Wand              |       |       |       |       |       |     1 |       |       |     1 ||     2
  Use: Scroll            |       |       |    21 |     5 |     9 |     3 |     1 |     6 |    26 ||    71
       Potion            |       |       |     5 |     4 |     5 |       |     2 |     2 |     3 ||    21
 Stab: Invisible         |     2 |       |     1 |       |       |     1 |       |       |       ||     4
       Distracted        |       |       |       |       |       |     1 |       |       |       ||     1
Armor: Scale mail        |    56 |   150 |   104 |       |       |       |       |       |       ||   310
       Plate armour      |       |       |   257 |   188 |   383 |       |       |       |       ||   828
       Chain mail        |       |       |    83 |   138 |       |       |       |       |       ||   221
       Fire dragon scale |       |       |       |       |    24 |       |       |       |       ||    24
       Crystal plate arm |       |       |       |       |   111 |   779 |   521 |   630 |  2012 ||  4053
Dodge: Dodged            |    35 |    71 |   170 |   158 |   219 |   210 |   247 |   448 |  1209 ||  2767
Block: Kite shield       |    60 |   128 |   397 |   453 |  1193 |       |       |       |       ||  2231
       Reflection        |       |       |       |     1 |    49 |   297 |    23 |   221 |   225 ||   816
       Tower shield      |       |       |       |       |   314 |  2556 |  1521 |  2978 |  6013 || 13382

Table legend: (Time is in decaauts)
 A = Elapsed time spent in this place.
 B = Non-inter-level travel time spent in this place.
 C = Inter-level travel time spent in this place.
 D = Time resting spent in this place.
 E = Time spent auto-exploring this place.
 F = Levels seen in this place.
 G = Mean time per level.
                   A        B        C        D        E       F      G
               +--------+--------+--------+--------+--------+-----+--------+
         Total |  68517 |  60712 |   7805 |  12827 |  30499 |  53 | 1292.8 |
       Dungeon |  18764 |  15492 |   3272 |   3465 |   8200 |  15 | 1250.9 |
        Temple |     50 |     34 |     16 |      0 |     29 |   1 |   50.0 |
          Lair |   6112 |   5356 |    756 |    818 |   3313 |   6 | 1018.7 |
         Swamp |   3826 |   3435 |    391 |    475 |   2188 |   4 |  956.5 |
     Snake Pit |   5295 |   4806 |    489 |    815 |   2148 |   4 | 1323.8 |
  Orcish Mines |   3186 |   2428 |    758 |    764 |   1013 |   2 | 1593.0 |
   Elven Halls |   3755 |   3358 |    397 |    368 |   1988 |   3 | 1251.7 |
        Vaults |  10439 |   9381 |   1058 |   1746 |   4360 |   5 | 2087.8 |
        Depths |   7830 |   7395 |    435 |   1210 |   4093 |   5 | 1566.0 |
          Hell |    715 |    715 |      0 |    221 |     59 |   1 |  715.0 |
           Zot |   7364 |   7135 |    229 |   2620 |   2710 |   5 | 1472.8 |
         Sewer |    778 |    778 |      0 |    317 |    217 |   1 |  778.0 |
      Ice Cave |    396 |    396 |      0 |      7 |    179 |   1 |  396.0 |
               +--------+--------+--------+--------+--------+-----+--------+

Top non-repeatable levels by time:
Vaults:1: 2380 daAuts
Vaults:5: 2288 daAuts
Depths:5: 2269 daAuts
Vaults:2: 2089 daAuts
 Snake:4: 1897 daAuts
Vaults:3: 1870 daAuts
   Zot:1: 1814 daAuts
    D:14: 1811 daAuts
Vaults:4: 1810 daAuts
     D:9: 1787 daAuts
   Zot:2: 1746 daAuts
   Orc:2: 1721 daAuts
   Zot:4: 1660 daAuts
     D:5: 1651 daAuts
Depths:3: 1607 daAuts
